 Dungeon Crawl Stone Soup version 0.30.1-3-gfc49f6343a (webtiles) character file.

Game seed: 11516945081412984685

181411 spardeous the Thaumaturge (level 17, 0/140 HPs)
             Began as a Demigod Conjurer on Aug 4, 2023.
             Succumbed to a spriggan defender's poison
             ... on level 2 of the Depths.
             The game lasted 01:30:21 (42160 turns).

spardeous the Thaumaturge (Demigod Conjurer)       Turns: 42160, Time: 01:30:22

Health: 0/140      AC: 21    Str: 14      XL:     17   Next: 10%
Magic:  28/40      EV: 12    Int: 40 (42) God:
Gold:   1565       SH:  0    Dex: 16      Spells: 18/43 levels left

rFire   + . .        p - staff of conjuration
rCold   + + .        h - orb {*channel}
rNeg    . . .        y - +0 leather armour "Uhuzujukk" {rElec Int+5 Dex-4 SInv}
rPois   .            T - +2 helmet
rElec   +            H - +2 cloak {Will+}
rCorr   .            W - +2 pair of gloves
SInv    +            v - +2 pair of boots of Lies {rF+ rC++ Will-}
Will    +....        I - amulet of the acrobat
Stlth   +++          a - +6 ring of intelligence
HPRegen 0.43/turn    t - ring "Qaasisor" {AC+4 Str-2 Int+3 Dex+4}
MPRegen 0.27/turn

%: acrobat, channel magic (20%)
@: lethally poisoned (0 -> -26), untranslocatable, invisible
A: high MP 1, forlorn, divine attributes
a: no special abilities


You were on level 2 of the Depths.
You visited 4 branches of the dungeon, and saw 24 of its levels.
You also visited: Sewer and Volcano.

You collected 3151 gold pieces.
You spent 1586 gold pieces at shops.

Inventory:

Hand Weapons
 C - the +3 spear of Gefar {holy, *Rage rElec Int+7 SInv}
   (You found it on level 1 of the Depths)

   Int:       It affects your intelligence (+7).
   rElec:     It insulates you from electricity.
   SInv:      It lets you see invisible.
   *Rage:     It berserks you when you make melee attacks (+20% chance).
Armour
 h - an orb of energy (worn)
 q - a +0 buckler
 v - the +2 pair of boots of Lies (worn) {rF+ rC++ Will-}
   (You found it on level 15 of the Dungeon)

   rF:        It protects you from fire.
   rC:        It greatly protects you from cold.
   Will:      It decreases your willpower.
 y - the +0 leather armour "Uhuzujukk" (worn) {rElec Int+5 Dex-4 SInv}
   (You found it on level 6 of the Dungeon)

   Int:       It affects your intelligence (+5).
   Dex:       It affects your dexterity (-4).
   rElec:     It insulates you from electricity.
   SInv:      It lets you see invisible.
 D - the +1 scale mail "Ecwok" {SInv}
   (You found it on level 4 of the Dungeon)

   SInv:      It lets you see invisible.
 E - the +1 leather armour of the Locust {rN+ rCorr}
   (You found it on level 2 of the Lair of Beasts)

   rN:        It protects you from negative energy.
   rCorr:     It protects you from acid and corrosion.
 H - a +2 cloak of willpower (worn)
 T - a +2 helmet (worn)
 W - a +2 pair of gloves (worn)
 Z - a +2 cloak of fire resistance
Magical Staves
 p - a staff of conjuration (weapon)
Jewellery
 a - a +6 ring of intelligence (left hand)
 t - the ring "Qaasisor" (right hand) {AC+4 Str-2 Int+3 Dex+4}
   (You found it on level 15 of the Dungeon)

   [ring of protection]

   AC:        It affects your AC (+4).
   Str:       It affects your strength (-2).
   Int:       It affects your intelligence (+3).
   Dex:       It affects your dexterity (+4).
 F - a ring of see invisible
 I - an amulet of the acrobat (around neck)
 X - a ring of resist corrosion
Wands
 o - a wand of mindburst (14)
 G - a wand of roots (15)
 K - a wand of polymorph (9)
 L - a wand of acid (14)
 V - a wand of digging (5)
Scrolls
 c - 4 scrolls of brand weapon
 e - 2 scrolls of blinking
 f - 11 scrolls of immolation
 g - 3 scrolls of magic mapping
 j - 12 scrolls of vulnerability
 n - a scroll of enchant armour
 r - 7 scrolls of butterflies
 s - a scroll of silence
 w - 9 scrolls of teleportation
 x - 6 scrolls of amnesia
 O - 2 scrolls of enchant weapon
 P - 3 scrolls of fear
 R - 3 scrolls of fog
 U - a scroll of poison
Potions
 b - a potion of magic
 d - 16 potions of curing
 i - 5 potions of might
 l - 3 potions of mutation
 m - 2 potions of flight
 u - 4 potions of lignification
 z - 2 potions of cancellation
 B - 2 potions of attraction
 J - 3 potions of brilliance
 M - 6 potions of haste
 N - 2 potions of ambrosia
 S - 2 potions of berserk rage
 Y - a potion of resistance


   Skills:
 - Level 10.1 Fighting
 - Level 8.4 Armour
 - Level 1.7 Dodging
 - Level 5.6 Stealth
 - Level 13.5 Spellcasting
 - Level 11.6 Conjurations
 + Level 7.5 Necromancy
 - Level 10.2 Translocations
 + Level 8.9 Transmutations
 - Level 8.9 Earth Magic


You had 18 spell levels left.
You knew the following spells:

 Your Spells              Type           Power      Damage    Failure   Level
a - Magic Dart            Conj           100%       1d8       1%          1
b - Searing Ray           Conj           100%       2d8       1%          2
c - Iskenderun's Mystic   Conj/Tloc      100%       2d19      1%          4
d - Iron Shot             Conj/Erth      52%        9d10      11%         6
e - Anguish               Hex/Necr       27%        N/A       11%         4
f - Necromutation         Tmut/Necr      37%        N/A       99%         8

Your spell library contained the following spells:

 Spells                   Type           Power      Damage    Failure   Level
 Apportation              Tloc           100%       N/A       1%          1
 Shock                    Conj/Air       100%       1d9       1%          1
 Lesser Beckoning         Tloc           100%       N/A       1%          2
 Gell's Gravitas          Tloc           83%        N/A       1%          3
 Teleport Other           Tloc           83%        N/A       1%          3
 Sting                    Tmut/Pois      100%       1d8       2%          1
 Vampiric Draining        Necr           72%        2d11      2%          3
 Passage of Golubria      Tloc           83%        N/A       2%          4
 Dazzling Flash           Conj/Hex       100%       N/A       3%          3
 Hailstorm                Conj/Ice       84%        3d17      3%          3
 Vhi's Electric Charge    Tloc/Air       100%       N/A       3%          3
 Mephitic Cloud           Conj/Pois/Air  72%        N/A       4%          3
 Spider Form              Tmut/Pois      58%        N/A       4%          3
 Blade Hands              Tmut           39%        N/A       5%          5
 Fulminant Prism          Conj/Hex       42%        3d19      6%          4
 Freeze                   Ice            100%       1d10      7%          1
 Slow                     Hex            100%       N/A       7%          1
 Call Imp                 Summ           54%        N/A       9%          2
 Ensorcelled Hibernation  Hex/Ice        54%        N/A       9%          2
 Poisonous Vapours        Pois/Air       54%        N/A       9%          2
 Animate Armour           Summ/Erth      100%       N/A       9%          4
 Arcjolt                  Conj/Air       42%        1d52      12%         5
 Confusing Touch          Hex            27%        N/A       13%         3
 Frozen Ramparts          Ice            54%        1d9       13%         3
 Ozocubu's Armour         Ice            27%        N/A       13%         3
 Swiftness                Air            27%        N/A       13%         3
 Tukima's Dance           Hex            27%        N/A       13%         3
 Alistair's Intoxication  Tmut/Pois      38%        N/A       17%         5
 Yara's Violent Unravell  Hex/Tmut       29%        3d12      17%         5
 Freezing Cloud           Conj/Ice/Air   36%        6-21      22%         5
 Airstrike                Air            13%        2d(2-18)  32%         4
 Olgreb's Toxic Radiance  Pois           27%        N/A       32%         4
 Summon Lightning Spire   Summ/Air       27%        N/A       32%         4
 Metabolic Englaciation   Hex/Ice        13%        N/A       61%         5
 Simulacrum               Ice/Necr       27%        N/A       65%         6
 Malign Gateway           Summ/Tloc      31%        N/A       94%         7
 Storm Form               Tmut/Air       29%        N/A       97%         7
 Ozocubu's Refrigeration  Ice            13%        4d10      100%        7
 Borgnjor's Revivificati  Necr           36%        N/A       100%        8
 Maxwell's Capacitive Co  Air            13%        ∞         100%        8
 Summon Horrible Things   Summ           13%        N/A       100%        8
 Death's Door             Necr           36%        N/A       100%        9
 Polar Vortex             Ice            13%        N/A       100%        9


Dungeon Overview and Level Annotations

Branches:
Dungeon (15/15)            Temple (0/1) D:6            Lair (5/5) D:10
  Swamp (0/4) Lair:2       Spider (0/4) Lair:3          Orc (2/2) D:10
    Elf (0/3) Orc:2        Vaults (0/5) D:13         Depths (2/4) D:15
  Sewer (visited)         Volcano (visited)
  Slime: Lair:4-5

Shops:
D:3 !   D:10 (*   D:13 ?   D:14 (   Orc:2 ?*(

Portals:
Hell: Depths:1 Depths:2
Abyss: Depths:2
Trove: D:13 (give +3 storm dragon scales)

Annotations:
Lair:5 exclusion: oklob plant
Depths:2 the Enchantress


Innate Abilities, Weirdness & Mutations

You have an increased reservoir of magic. (+10% MP)
You shall have no god before yourself.
Your divine heritage dramatically boosts your attributes as you level up.


Message History

* * * LOW HITPOINT WARNING * * *
The spriggan defender barely misses you.
The spriggan defender hits you with a +2 lajatang of venom!
* * * LOW HITPOINT WARNING * * *
You are more poisoned.
You take 50 damage, and have 7/140 hp.
MASSIVE DAMAGE!!
Okay, then.
Okay, then.
Okay, then.
Casting: Iskenderun's Mystic Blast (mildly dangerous; 1% risk of failure)
Confirm with . or Enter, or press ? or * to list all spells.
You feel a surge of power!
You erupt in a blast of force!
The mystic blast hits the spriggan rider!
The spriggan rider is lightly wounded.
The spriggan rider is knocked back by the mystic blast.
The spriggan rider collides with the lich!
The lich is lightly damaged.
The spriggan rider is moderately wounded.
The mystic blast hits the spriggan rider!!
The spriggan rider is moderately wounded.
The spriggan rider is knocked back by the mystic blast.
The spriggan rider slams into the rock wall!
The spriggan rider is heavily wounded.
The mystic blast hits the Enchantress!!
The Enchantress is heavily wounded.
The Enchantress is knocked back by the mystic blast.
The Enchantress slams into the rock wall!
The Enchantress is heavily wounded.
The mystic blast hits the spriggan defender!!
The spriggan defender is moderately wounded.
The spriggan defender is knocked back by the mystic blast.
The spriggan defender slams into the rock wall!
The spriggan defender is heavily wounded.
The mystic blast hits the spriggan defender!!
The spriggan defender is heavily wounded.
The spriggan defender is knocked back by the mystic blast.
The spriggan defender collides with the spriggan rider!
The spriggan rider is heavily wounded.
The spriggan defender is severely wounded.
You die...

#+ #..## ... #.##...#
#.. ........ ##.L.
.......## .#.#
#......##.ii ##
#..L.#i## .# ##.
##i.ii.).# .# ..#
#...i#.§.§# .# ## ..
##i..@##...i... .#
##.##.##......#######.
.# #...#.#.......# .#
#....>.......# ##
####...##'####
##...##....# #
###..........# #
##...........## #
#.............###


You could see the Enchantress (repels missiles), a lich (invisible), 2 spriggan
defenders and 2 spriggan riders.

Vanquished Creatures
  The ghost of Bananafolds the Warrior, an adept NaVM of Cheibriados (D:15)
  A golden dragon (Depths:2)
  Nikola (Depths:1)
  3 liches (D:15)
  A tengu reaver (Depths:2)
  2 fire giants
  A frost giant (Depths:1)
  The ghost of zzuzz the Scorcher, a journeyman DrFE of Vehumet (D:15)
  A spriggan defender (Depths:2)
  7 very ugly things
  3 stone giants (Depths:1)
  The ghost of FallenXxXSky the Fencer, a journeyman HuMo of Okawaru (Lair:5)
  An orc warlord (Orc:2)
  A vampire knight (Depths:1)
  The ghost of Jogov the Destroyer, a journeyman DgHW (D:14)
  2 ettins (Depths:1)
  4 crystal guardians (Depths:1)
  A fire dragon (Lair:5)
  3 ice dragons
  7 hydras
  A rakshasa (Depths:1)
  A spriggan air mage (Depths:2)
  A catoblepas (D:13)
  4 centaur warriors
  A death knight (D:15)
  2 dancing weapons (D:13)
  5 two-headed ogres
  6 boulder beetles
  A hell hog (Depths:1)
  A vampire mage (Depths:1)
  A tengu warrior (Depths:1)
  A deep troll shaman (Depths:2)
  3 orc high priests (Orc:2)
  A sun demon (Depths:1)
  Urug (Lair:4)
  3 spriggan berserkers
  Nergalle (Lair:1)
  7 hell knights
  A skeletal warrior (D:15)
  Amaemon (Lair:3)
  4 skysharks
  2 deep trolls (Depths:2)
  An iron troll (Depths:2)
  A swamp dragon (Lair:5)
  A spark wasp zombie (D:15)
  2 bog bodies (Lair:2)
  A glowing orange brain (Depths:1)
  A flayed ghost (D:15)
  A phantasmal warrior (D:15)
  A wizard (D:15)
  An orange crystal statue (Depths:1)
  3 deep elf pyromancers
  4 orc knights (Orc:2)
  20 ugly things
  2 necromancers
  5 cyclopes
  A sphinx skeleton (D:15)
  6 orc sorcerers
  5 salamanders
  3 manticores
  3 black mambas
  4 gargoyles
  2 molten gargoyles (Volcano)
  8 elephants
  A smoke demon (Depths:1)
  An orange demon (Lair:3)
  7 cane toads
  3 kobold demonologists
  5 rime drakes
  A guardian mummy (D:15)
  7 komodo dragons
  2 tengu conjurers
  A freezing wraith (D:15)
  A polar bear (shapeshifter) (D:13)
  14 polar bears
  2 hornets
  2 raiju (Lair:5)
  7 trolls
  Grinder (D:5)
  13 blink frogs
  12 dream sheep
  A jumping spider (D:15)
  A centaur simulacrum (D:15)
  2 wraiths (D:15)
  6 slime creatures (D:13)
  31 yaks
  2 wyverns
  6 vampire mosquitoes (D:13)
  6 redbacks
  A steam dragon (D:9)
  10 basilisks
  A swamp worm (shapeshifter) (Depths:1)
  4 wargs (Lair:5)
  2 swamp worms (Lair:2)
  2 acid dragons
  A glowing shapeshifter zombie (D:15)
  15 hell hounds (Lair:5)
  14 water moccasins
  A human skeleton (D:15)
  2 swamp drakes
  2 ice beasts
  3 sky beasts
  11 black bears (Lair:5)
  24 orc warriors
  An ogre (shapeshifter) (D:15)
  5 ogres
  23 wolves
  A boggart (D:13)
  15 centaurs
  3 kobold brigands
  A gnoll sergeant (D:7)
  15 bullfrogs
  3 scorpions
  11 wights
  2 electric eels
  5 hounds
  24 orc priests
  A gnoll bouda (D:6)
  5 iguanas
  2 sleepcaps (D:7)
  Ijyb (D:3)
  24 orc wizards
  13 hell rats
  11 adders
  9 gnolls
  A river rat (D:4)
  A shadow imp (D:5)
  3 white imps
  An ufetubus (D:6)
  2 worms
  A dart slug (D:9)
  73 orcs
  A bat (D:1)
  5 endoplasms
  19 giant cockroaches
  7 goblins
  3 hobgoblins
  4 jackals
  18 kobolds
  15 quokkas
  8 ball pythons
  5 frilled lizards
  4 rats
742 creatures vanquished.

Notes
Turn   | Place    | Note
-------+----------+-------------------------------------------
     0 | D:1      | spardeous the Demigod Conjurer began the quest for the Orb.
     0 | D:1      | Reached XP level 1. HP: 14/14 MP: 5/5
   178 | D:1      | Reached skill level 2 in Spellcasting
   748 | D:1      | Reached XP level 2. HP: 20/20 MP: 4/7
  1036 | D:2      | Learned a level 2 spell: Searing Ray
  1655 | D:2      | Reached XP level 3. HP: 26/26 MP: 1/9
  2053 | D:3      | Found Xoasom's Distillery.
  2062 | D:3      | Bought a potion of heal wounds for 65 gold pieces
  3022 | D:3      | Noticed Ijyb
  3027 | D:3      | Killed Ijyb
  3028 | D:3      | Reached skill level 3 in Spellcasting
  3028 | D:3      | Reached XP level 4. HP: 32/33 MP: 3/11
  3534 | D:4      | Found a glowing drain.
  3538 | Sewer    | Entered a sewer
  3565 | Sewer    | Reached XP level 5. HP: 38/38 MP: 7/13
  3567 | Sewer    | Reached skill level 5 in Conjurations
  3572 | Sewer    | Learned a level 4 spell: Iskenderun's Mystic Blast
  4258 | Sewer    | Reached skill level 4 in Spellcasting
  4258 | Sewer    | Reached XP level 6. HP: 42/45 MP: 5/15
  4985 | D:4      | Identified the +1 scale mail "Ecwok" {SInv}
  5314 | D:4      | Identified the +3 short sword of Riopp {heavy, rF+ rC+}
  5463 | D:5      | Entered Level 5 of the Dungeon
  5746 | D:5      | Noticed a water moccasin
  5880 | D:5      | Noticed Grinder
  5897 | D:5      | Killed Grinder
  5898 | D:5      | Reached skill level 5 in Spellcasting
  5898 | D:5      | Reached XP level 7. HP: 37/50 MP: 9/18
  5933 | D:5      | Reached skill level 6 in Spellcasting
  6459 | D:6      | Identified the +0 leather armour "Uhuzujukk" {rElec Int+5
                  | Dex-4 SInv}
  6593 | D:6      | Found a staircase to the Ecumenical Temple.
  6630 | D:6      | Reached skill level 7 in Spellcasting
  6630 | D:6      | Reached XP level 8. HP: 57/57 MP: 14/22
  7311 | D:6      | Reached skill level 8 in Spellcasting
  8386 | D:7      | Reached skill level 9 in Spellcasting
  9106 | D:8      | Reached XP level 9. HP: 61/62 MP: 13/26
  9365 | D:8      | Reached skill level 10 in Spellcasting
 10676 | D:9      | Reached skill level 11 in Spellcasting
 10915 | D:9      | Reached skill level 1 in Translocations
 11447 | D:10     | Entered Level 10 of the Dungeon
 11541 | D:10     | Found Teolaety's Specific Store.
 11545 | D:10     | Found Pazxeg's General Store.
 11549 | D:10     | Bought a scroll of identify for 26 gold pieces
 11554 | D:10     | Bought a scroll of noise for 16 gold pieces
 11598 | D:10     | Noticed a kobold demonologist
 11612 | D:10     | Killed a kobold demonologist
 11616 | D:10     | Noticed a kobold demonologist
 11619 | D:10     | Killed a kobold demonologist
 11620 | D:10     | Reached XP level 10. HP: 69/69 MP: 1/29
 11936 | D:10     | Found a staircase to the Lair.
 12149 | D:10     | Found a staircase to the Orcish Mines.
 12294 | D:10     | Noticed a two-headed ogre
 12304 | D:10     | Killed a two-headed ogre
 12305 | D:10     | Reached skill level 5 in Translocations
 12396 | D:10     | Found Qennefok's Antique Weapon Emporium.
 12423 | D:10     | Noticed a two-headed ogre
 12428 | D:10     | Killed a two-headed ogre
 12769 | D:11     | Noticed a two-headed ogre
 12772 | D:11     | Killed a two-headed ogre
 12780 | D:11     | Noticed a manticore
 12782 | D:11     | Killed a manticore
 12881 | D:11     | Noticed a cyclops
 12898 | D:11     | Killed a cyclops
 13265 | D:11     | Noticed a two-headed ogre
 13283 | D:11     | Killed a two-headed ogre
 13284 | D:11     | Reached XP level 11. HP: 61/74 MP: 3/30
 14322 | D:12     | Noticed a boulder beetle
 14338 | D:12     | Killed a boulder beetle
 14339 | D:12     | Reached skill level 10 in Translocations
 14740 | D:12     | Noticed a two-headed ogre
 14747 | D:12     | Killed a two-headed ogre
 14982 | D:12     | Noticed a boulder beetle
 15137 | D:12     | Killed a boulder beetle
 15547 | D:13     | Noticed a +3 long sword
 15548 | D:13     | Noticed a +6 long sword
 15554 | D:13     | Killed a +6 long sword
 15555 | D:13     | Killed a +3 long sword
 15557 | D:13     | Found a gate to the Vaults.
 15844 | D:13     | Noticed a centaur warrior
 15859 | D:13     | Killed a centaur warrior
 15957 | D:13     | Found a portal to a secret trove of treasure.
 15963 | D:13     | Noticed a boulder beetle
 15980 | D:13     | Killed a boulder beetle
 15981 | D:13     | Reached skill level 10 in Conjurations
 16498 | D:13     | Noticed a boulder beetle
 16517 | D:13     | Killed a boulder beetle
 16518 | D:13     | Reached XP level 12. HP: 70/81 MP: 27/32
 16565 | D:13     | Found Uzotruc's Magic Scroll Emporium.
 16573 | D:13     | Bought a scroll of acquirement for 572 gold pieces
 16573 | D:13     | Bought a scroll of identify for 22 gold pieces
 16573 | D:13     | Bought a scroll of identify for 22 gold pieces
 16573 | D:13     | Bought a scroll of immolation for 44 gold pieces
 16580 | D:13     | Acquired a book of Iron
 16591 | D:13     | Learned a level 6 spell: Iron Shot
 16703 | D:13     | Noticed a catoblepas
 16768 | D:13     | Killed a catoblepas
 16868 | D:13     | Noticed a boulder beetle
 16883 | D:13     | Killed a boulder beetle
 17098 | Lair:1   | Entered Level 1 of the Lair of Beasts
 17107 | Lair:1   | Reached skill level 1 in Fighting
 17192 | Lair:1   | Noticed Nergalle
 17217 | Lair:1   | Killed Nergalle
 18315 | Lair:2   | Reached skill level 5 in Fighting
 18520 | Lair:2   | You fall into a shaft and drop 2 floors!
 18520 | Lair:4   | Noticed a six-headed hydra
 18535 | Lair:4   | Killed a six-headed hydra
 18802 | Lair:4   | Noticed a four-headed hydra
 18871 | Lair:4   | Killed a four-headed hydra
 19047 | Lair:3   | Noticed Amaemon
 19071 | Lair:3   | Killed Amaemon
 19376 | Lair:3   | Reached XP level 13. HP: 110/110 MP: 24/33
 19380 | Lair:3   | Found a hole to the Spider Nest.
 19994 | Lair:2   | Identified the +1 leather armour of the Locust {rN+ rCorr}
 20124 | Lair:2   | Reached skill level 10 in Fighting
 20566 | Lair:2   | Found a staircase to the Swamp.
 21665 | Lair:4   | Reached skill level 12 in Spellcasting
 21801 | Lair:4   | Noticed Urug
 21805 | Lair:4   | Killed Urug
 22312 | Lair:5   | Entered Level 5 of the Lair of Beasts
 22454 | Lair:5   | Found a large runed translucent door.
 22455 | Lair:5   | Found a large runed translucent door.
 22458 | Lair:5   | Noticed FallenXxXSky's ghost (journeyman HuMo)
 22620 | Lair:5   | Reached skill level 13 in Spellcasting
 22847 | Lair:5   | HP: 3/113 [poisoned by a black mamba]
 22848 | Lair:5   | HP: 1/113 [poisoned by a black mamba]
 22916 | Lair:5   | Found a dark tunnel.
 22923 | Volcano  | Entered a volcano
 23150 | Volcano  | Reached skill level 1 in Armour
 23731 | Volcano  | Noticed an orb of fire
 23770 | Volcano  | Noticed an orb of fire
 23891 | Volcano  | Reached XP level 14. HP: 121/121 MP: 29/36
 24180 | Lair:5   | Learned a level 4 spell: Anguish
 24410 | Lair:5   | Reached skill level 5 in Armour
 26259 | Lair:5   | Killed FallenXxXSky's ghost
 26538 | D:13     | Bought a scroll of magic mapping for 82 gold pieces
 26629 | D:14     | Reached skill level 1 in Earth Magic
 26717 | D:14     | Found Huneotio's Firing Range.
 27038 | D:14     | Found a runed translucent gate.
 27038 | D:14     | Found a runed translucent gate.
 27039 | D:14     | Found a runed translucent gate.
 27190 | D:14     | Noticed Jogov's ghost (journeyman DgHW)
 27222 | D:15     | Entered Level 15 of the Dungeon
 27794 | D:15     | Found a staircase to the Depths.
 28174 | D:15     | Reached skill level 5 in Earth Magic
 28801 | D:15     | Found a runed translucent gate.
 28802 | D:15     | Found a runed translucent gate.
 28806 | D:15     | Found a runed translucent gate.
 29153 | D:15     | Noticed a lich
 29153 | D:15     | Noticed zzuzz's ghost (journeyman DrFE)
 29153 | D:15     | Noticed a lich
 29154 | D:15     | Noticed Bananafolds's ghost (adept NaVM)
 29154 | D:15     | Noticed a lich
 29410 | D:15     | Killed a lich
 29412 | D:15     | Killed a lich
 29416 | D:15     | Killed a lich
 29433 | D:15     | HP: 6/121 [poisoned by Bananafolds's ghost (toxic
                  | radiance)]
 29754 | D:15     | Killed zzuzz's ghost
 29834 | D:15     | Identified the +2 pair of boots of Lies {rF+ rC++ Will-}
 29850 | D:15     | Identified the ring "Qaasisor" {AC+4 Str-2 Int+3 Dex+4}
 30074 | D:14     | HP: 4/121 [poisoned by Bananafolds's ghost (toxic
                  | radiance)]
 30583 | D:15     | Killed Bananafolds's ghost
 30829 | D:14     | Killed Jogov's ghost
 30830 | D:14     | Reached XP level 15. HP: 119/126 MP: 30/37
 31053 | Orc:1    | Entered Level 1 of the Orcish Mines
 31289 | Orc:2    | Entered Level 2 of the Orcish Mines
 31764 | Orc:2    | Found a staircase to the Elven Halls.
 31950 | Orc:2    | Found Terokh's Weapon Emporium.
 32180 | Orc:2    | Reached skill level 5 in Stealth
 32183 | Orc:2    | Found Jeriuciv's Weapon Emporium.
 32183 | Orc:2    | Paralysed by an orc sorcerer for 3 turns
 32189 | Orc:2    | Found Uhuekkum's General Store.
 32317 | Orc:2    | Found Jipsaus's Magic Scroll Boutique.
 32989 | Orc:2    | Bought a scroll of identify for 28 gold pieces
 32992 | Orc:2    | Bought a scroll of enchant armour for 105 gold pieces
 33241 | D:10     | Bought a brightly glowing battleaxe for 356 gold pieces
 33241 | D:10     | Identified the +5 battleaxe of Zept {venom, rF+} (You
                  | bought it in a shop on level 10 of the Dungeon)
 33241 | D:10     | Bought a translucent falchion for 248 gold pieces
 33241 | D:10     | Identified the +7 falchion of the Lesser Evil {flame, rPois
                  | rC+} (You bought it in a shop on level 10 of the Dungeon)
 33343 | Orc:2    | Learned a level 8 spell: Necromutation
 33503 | Depths:1 | Entered Level 1 of the Depths
 33503 | Depths:1 | Noticed a fire giant
 33579 | Depths:1 | Reached skill level 1 in Necromancy
 33579 | Depths:1 | Reached skill level 1 in Transmutations
 33580 | Depths:1 | Killed a fire giant
 36540 | Depths:1 | Paralysed by a vampire knight for 4 turns
 37863 | Depths:1 | Noticed Nikola
 37872 | Depths:1 | Killed Nikola
 38378 | Depths:1 | Reached skill level 5 in Necromancy
 38518 | Depths:1 | Reached skill level 5 in Transmutations
 38593 | Depths:1 | Found a gateway to Hell.
 38959 | Depths:1 | Found a runed translucent door.
 39307 | Depths:1 | Noticed a fire giant
 39673 | Depths:1 | Glimpsed the power of Zot.
 40130 | Depths:1 | Noticed a fire giant
 40166 | Depths:1 | Identified the +6 dire flail of Kuont {flame, rCorr Str+3}
 40190 | Depths:1 | Reached XP level 16. HP: 97/134 MP: 28/38
 40194 | Depths:1 | Identified the +3 spear of Gefar {holy, *Rage rElec Int+7
                  | SInv}
 40607 | Depths:2 | Noticed a golden dragon
 40680 | Depths:2 | Killed a golden dragon
 40845 | Depths:2 | Reached XP level 17. HP: 110/140 MP: 12/40
 41940 | Depths:2 | Noticed a lich
 42039 | Depths:2 | Found a one-way gate to the infinite horrors of the Abyss.
 42147 | Depths:2 | Noticed the Enchantress
 42159 | Depths:2 | HP: 7/140 [spriggan defender/+2 lajatang of venom[the
                  | Enchantress] (14)]
 42160 | Depths:2 | Succumbed to a spriggan defender's poison

Illustrated notes

Levels and vault maps discovered:
D:1:      minmay_arrival_semitransparent, layout_loops_ring
D:2:      layout_basic, roderic_serpentine_path
D:3:      layout_basic, mainiacjoe_overflow_big_doors, serial_shops,
          nicolae_shop_peninsula, st_stairs_3, uniq_ijyb
D:4:      layout_loops_ring, chequers_temple_overflow_statue_of_worship,
          gup_sewer_entry_spiral
D:5:      layout_rooms, mainiacjoe_overflow_24_doors, uniq_grinder
D:6:      layout_basic, mainiacjoe_overflow_paths,
          mainiacjoe_overflow_boulevard, minmay_temple_entry_stoned_glass,
          kennysheep_path_1
D:7:      layout_cave_pools, nicolae_overflow_crystal_walls,
          minmay_misc_feat_more_columns
D:8:      layout_loops_ring, general_overflow_altar,
          mainiacjoe_overflow_catch_the_wave,
          nicolae_concentric_dashed_squares_mild, ebering_dispersal_statue_hall
D:9:      layout_long_grid, kennysheep_slug_shrine
D:10:     layout_roguey, lair_entry_dummy, minmay_orc_entry_temple_small,
          serial_shops, shop, nicolae_specific_store, minmay_misc_feat_rows
D:11:     layout_basic, kennysheep_generic_room_11
D:12:     layout_gridville, nemelex_spade_bored_becter
D:13:     layout_irregular_city, erik_vaults_1, serial_shops, shop,
          enter_trove_2, grunt_tough_drop
D:14:     layout_cave_pools, ebering_ghost_rock_garden,
          hangedman_decor_clover_reticule, nicolae_shop_firing_range
D:15:     gammafunk_depths_entry_grave, layout_cave_pools,
          chequers_decorated_corner, gammafunk_ghost_crypt,
          chequers_serial_rivers_small_b
Lair:1:   layout_regular_city, uniq_nergalle
Lair:2:   layout_chaotic_city, nicolae_swamp_entry_splash_gauntlet,
          st_stairs_13, lemuel_fruit_fields
Lair:3:   layout_loops_ring, spider_nest_entry_webs, uniq_amaemon
Lair:4:   layout_cave_pods, uniq_urug
Lair:5:   guppyfry_lair_end_dragon, layout_regular_city,
          hangedman_lair_caniforms_friends, minmay_slime_entry_oklob_enclosed,
          enter_volcano_1, ebering_ghost_disaster_area, minivault_27,
          kennysheep_basilisk_garden
Orc:1:    layout_caves
Orc:2:    st_orc_elflike, layout_caves, basic_altar
Depths:1: layout_honeycomb, minmay_misc_feat_plants, hellmouth_1,
          grunt_decor_cap, minmay_crystal_box, uniq_nikola
Depths:2: cell_vault, layout_gridville, abyss_entry, pan_entry, nicolae_wwwww,
          pf_vacation_house_of_asmodeus, serial_bayou_shore_b,
          infiniplex_staircase_pillars_3a, uniq_enchantress

Skill      XL: |  1  2  3  4  5  6  7  8  9 10 11 12 13 14 15 16 17 |
---------------+----------------------------------------------------+-----
Spellcasting   | 2 3 4 5 7 9 11 13 | 13.5
Conjurations   | 4 5 6 10 11 | 11.6
Translocations | 4 9 10 | 10.2
Fighting       | 8 10 | 10.1
Armour         | 4 8 |  8.4
Earth Magic    | 8 |  8.9
Stealth        | 5 |  5.6
Necromancy     | 6 7 |  7.5
Transmutations | 7 8 |  8.9
Dodging        | |  1.7

Action                     |  1- 3 |  4- 6 |  7- 9 | 10-12 | 13-15 | 16-18 || total
---------------------------+-------+-------+-------+-------+-------+-------++-------
  Melee: Staff             |       |     3 |       |     8 |    16 |       ||    27
         Short sword       |       |       |       |       |     1 |       ||     1
   Cast: Magic Dart        |    75 |   132 |    66 |       |       |       ||   273
         Searing Ray       |     3 |    23 |    85 |     1 |     2 |       ||   114
         Iskenderun's Myst |       |       |     5 |   252 |   544 |    23 ||   824
         Iron Shot         |       |       |       |       |    92 |    25 ||   117
    Use: Scroll            |       |       |     9 |     7 |    14 |     1 ||    31
         Potion            |       |       |     1 |     2 |    11 |     2 ||    16
 Armour: Leather armour    |       |    15 |    26 |    28 |   115 |    13 ||   197
  Dodge: Dodged            |     2 |    26 |    82 |   141 |   322 |    14 ||   587
  Block: Buckler           |       |     5 |    13 |     5 |       |       ||    23
